 Dungeon Crawl Stone Soup version 0.22.0 (webtiles) character file.

338 Frostfox the Shield-Bearer (level 6, -4/79 HPs)
             Began as a Gnoll Fighter on Aug 22, 2018.
             Slain by Menkaure (9 damage)
             ... on level 4 of the Dungeon.
             The game lasted 00:08:14 (3087 turns).

Frostfox the Shield-Bearer (Gnoll Fighter)          Turns: 3087, Time: 00:08:15

Health: -4/79      AC: 23    Str: 24    XL:     6   Next: 55%
Magic:  9/9        EV:  2    Int: 10    God:
Gold:   104        SH: 17    Dex: 16    Spells: 9/9 levels left

rFire    . . .     SeeInvis .   a - +1 long sword
rCold    . . .     Gourm    .   c - +0 shield
rNeg     + + +     Faith    .   (armour currently unavailable)
rPois    +         Spirit   .   (helmet currently unavailable)
rElec    .         Reflect  +   (cloak currently unavailable)
rCorr    .         Harm     .   (gloves currently unavailable)
MR       .....     NoTele   +   (boots currently unavailable)
Stlth    ++........             k - +6 amulet of reflection
HPRegen  0.23/turn              l - +5 ring of strength
MPRegen  0.11/turn              (no ring)

@: tree-form, hasted, very quick
A: distributed training, subdued magic 1, strong nose
a: no special abilities


You were on level 4 of the Dungeon.
You were not hungry.
You were a tree.
You visited 1 branch of the dungeon, and saw 4 of its levels.

You collected 104 gold pieces.

Inventory:

Hand Weapons
 a - a +1 long sword (weapon)
 u - a +4 dagger
 v - a +5 flail of draining
Missiles
 e - 69 stones (quivered)
 j - 46 arrows
 t - 15 bolts
Armour
 b - a +0 scale mail
 c - a +0 shield (worn)
 m - a +3 ring mail (melded)
Jewellery
 k - a +6 amulet of reflection (around neck)
 l - a +5 ring of strength (left branch)
Scrolls
 i - 2 scrolls of enchant weapon
 n - 3 scrolls of teleportation {unknown}
 o - a scroll of immolation {unknown}
 x - a scroll of remove curse {unknown}
Potions
 d - 2 potions of might
 h - a potion of degeneration
 r - a potion of brilliance
 s - a potion of ambrosia
 w - 2 potions of lignification
Comestibles
 f - 8 rations


   Skills:
 + Level 6.8 Fighting
 + Level 2.0 Short Blades
 + Level 5.0 Long Blades
 + Level 2.0 Axes
 + Level 2.0 Maces & Flails
 + Level 2.0 Polearms
 + Level 2.0 Staves
 + Level 2.0 Slings
 + Level 2.0 Bows
 + Level 2.0 Crossbows
 + Level 2.0 Throwing
 + Level 6.8 Armour
 + Level 2.0 Dodging
 + Level 2.0 Stealth
 + Level 6.8 Shields
 + Level 2.0 Unarmed Combat
 + Level 2.0 Spellcasting
 + Level 1.5 Conjurations
 + Level 1.5 Hexes
 + Level 1.5 Charms
 + Level 1.5 Summonings
 + Level 1.5 Necromancy
 + Level 1.5 Translocations
 + Level 1.5 Transmutations
 + Level 1.5 Fire Magic
 + Level 1.5 Ice Magic
 + Level 1.5 Air Magic
 + Level 1.5 Earth Magic
 + Level 1.5 Poison Magic
 + Level 2.1 Invocations
 + Level 2.0 Evocations


You had 9 spell levels left.
You didn't know any spells.
Your spell library was empty.

Dungeon Overview and Level Annotations

Branches:
Dungeon (4/15)
 Temple: D:4-7

Altars:
Cheibriados
Makhleb

Annotations:
D:4 Menkaure


Innate Abilities, Weirdness & Mutations

Your experience applies equally to all skills.
((You have very sharp teeth.))
Your uncanny sense of smell can sniff out nearby items.
((You can translocate small distances at will.))
Your spells are a little easier to cast, but a little less powerful.


Message History

Menkaure calls on the powers of darkness!
Your body is wracked with pain!
All of the chunks of flesh in your inventory have rotted away.
Menkaure gestures at you while chanting.
Pain shoots through your body!
* * * LOW HITPOINT WARNING * * *
There is an open door, spattered with blood here.
Things that are here:
a dagger; a robe You turn into a tree.
Your +3 ring mail melds into your body.
Your roots penetrate the ground.
Menkaure hits you.
* * * LOW HITPOINT WARNING * * *
It was a potion of curing.
You feel better. Menkaure hits you!
* * * LOW HITPOINT WARNING * * *
It was a potion of mutation.
You feel extremely strange.
Your connection to magic feels subdued.
You feel jittery. Menkaure hits you.
* * * LOW HITPOINT WARNING * * *
It was a potion of haste.
You feel yourself speed up. Menkaure hits you!
You die...

#..................+
#.....##...........#
#.....##...........#
#.....##############
#.....#
#.....########
#.....'.......
#..M..####...#
###♣### # #)#####
#.....# #.....#
#..<..# ##....#
#....# #....# #....#


You could see Menkaure.

Vanquished Creatures
  Jessica (D:2)
  A bullfrog skeleton (D:4)
  3 orc wizards (D:4)
  7 gnolls (D:3)
  5 adders
  4 worms
  A dart slug (D:3)
  2 leopard geckos
  4 orcs
  4 ball pythons
  7 bats
  3 giant cockroaches (D:1)
  8 goblins
  5 hobgoblins
  8 jackals
  7 kobolds
  A quokka (D:4)
  4 frilled lizards
  9 rats
84 creatures vanquished.

Notes
Turn   | Place    | Note
-------+----------+-------------------------------------------
     0 | D:1      | Frostfox the Gnoll Fighter began the quest for the Orb.
     0 | D:1      | Reached XP level 1. HP: 23/23 MP: 1/1
   247 | D:1      | Reached XP level 2. HP: 29/29 MP: 2/2
   505 | D:1      | Reached XP level 3. HP: 31/35 MP: 3/3
   961 | D:2      | Noticed Jessica
   968 | D:2      | Killed Jessica
   968 | D:2      | Reached skill level 1 in Short Blades
   968 | D:2      | Reached skill level 1 in Axes
   968 | D:2      | Reached skill level 1 in Maces & Flails
   968 | D:2      | Reached skill level 1 in Polearms
   968 | D:2      | Reached skill level 1 in Staves
   968 | D:2      | Reached skill level 1 in Slings
   968 | D:2      | Reached skill level 1 in Bows
   968 | D:2      | Reached skill level 1 in Crossbows
   968 | D:2      | Reached skill level 1 in Throwing
   968 | D:2      | Reached skill level 1 in Dodging
   968 | D:2      | Reached skill level 1 in Stealth
   968 | D:2      | Reached skill level 1 in Unarmed Combat
   968 | D:2      | Reached skill level 1 in Spellcasting
   968 | D:2      | Reached skill level 1 in Invocations
   968 | D:2      | Reached skill level 1 in Evocations
   968 | D:2      | Reached XP level 4. HP: 19/41 MP: 5/5
  1299 | D:2      | Found a burning altar of Makhleb.
  1552 | D:2      | Found a snail-covered altar of Cheibriados.
  1657 | D:2      | Reached skill level 1 in Conjurations
  1657 | D:2      | Reached skill level 1 in Hexes
  1657 | D:2      | Reached skill level 1 in Charms
  1657 | D:2      | Reached skill level 1 in Summonings
  1657 | D:2      | Reached skill level 1 in Necromancy
  1657 | D:2      | Reached skill level 1 in Translocations
  1657 | D:2      | Reached skill level 1 in Transmutations
  1657 | D:2      | Reached skill level 1 in Fire Magic
  1657 | D:2      | Reached skill level 1 in Ice Magic
  1657 | D:2      | Reached skill level 1 in Air Magic
  1657 | D:2      | Reached skill level 1 in Earth Magic
  1657 | D:2      | Reached skill level 1 in Poison Magic
  1856 | D:3      | Reached XP level 5. HP: 47/47 MP: 6/6
  2576 | D:3      | Reached XP level 6. HP: 52/53 MP: 8/8
  2856 | D:4      | Reached skill level 5 in Long Blades
  3060 | D:4      | Noticed Menkaure
  3084 | D:4      | HP: 1/79 [Menkaure (3)]
  3086 | D:4      | Gained mutation: Your spells are a little easier to cast, but a little less powerful. [potion of mutation]
  3086 | D:4      | Gained mutation: You can translocate small distances at will. [potion of mutation]
  3087 | D:4      | Slain by Menkaure

Skill      XL: |  1  2  3  4  5  6 |
---------------+-------------------+-----
Short Blades   | 1 2 |  2.0
Axes           | 1 2 |  2.0
Maces & Flails | 1 2 |  2.0
Polearms       | 1 2 |  2.0
Staves         | 1 2 |  2.0
Slings         | 1 2 |  2.0
Bows           | 1 2 |  2.0
Crossbows      | 1 2 |  2.0
Throwing       | 1 2 |  2.0
Dodging        | 1 2 |  2.0
Stealth        | 1 2 |  2.0
Unarmed Combat | 1 2 |  2.0
Spellcasting   | 1 2 |  2.0
Invocations    | 1 2 |  2.1
Evocations     | 1 2 |  2.0
Conjurations   | 1 |  1.5
Hexes          | 1 |  1.5
Charms         | 1 |  1.5
Summonings     | 1 |  1.5
Necromancy     | 1 |  1.5
Translocations | 1 |  1.5
Transmutations | 1 |  1.5
Fire Magic     | 1 |  1.5
Ice Magic      | 1 |  1.5
Air Magic      | 1 |  1.5
Earth Magic    | 1 |  1.5
Poison Magic   | 1 |  1.5
Long Blades    | 5 |  5.0
Fighting       | |  6.8
Armour         | |  6.8
Shields        | |  6.8

Action                   |  1- 3 |  4- 6 || total
-------------------------+-------+-------++-------
Melee: Long sword        |    86 |   161 ||   247
       Bite              |    12 |    22 ||    34
  Use: Scroll            |       |     7 ||     7
       Potion            |       |     4 ||     4
  Eat: Chunk             |       |     7 ||     7
Armor: Scale mail        |    47 |     3 ||    50
       Ring mail         |       |    65 ||    65
Dodge: Dodged            |    33 |    52 ||    85
Block: Shield            |    55 |   135 ||   190
       Rpst.: Long sword |    11 |    16 ||    27
